Map: Persephone LE

Players

PiG

  • Race: Protoss Protoss
  • League: Master
  • Spawn Location: 11:00

FalconsSolar (Solar) - Winner!

  • Race: Zerg Zerg
  • Spawn Location: 7:00

VOD

Have the link to the VOD?

Description

Time

  • Played on: May 13, 2025, 8:06 p.m.
  • Length: 9:11
Show
View Real Time Build Order
Export as new Build Order

PiG Protoss 

Build Orders: 1 Gate Expand, Oracle Opening, Chargelot Immortal 

Get SALT Encoding   

  12  0:00  Probe  
  13  0:12  Probe  
  14  0:17  Pylon  
  14  0:24  Probe  
  15  0:33  Probe  
  15  0:38  Gateway  
  15  0:41  Probe  
  16  0:46  Assimilator  
  17  0:51  Probe  
  18  1:03  Probe  
  19  1:15  Probe  
  20  1:23  Nexus  
  20  1:35  Cybernetics Core  
  20  1:38  Probe  
  21  1:45  Assimilator  
  21  1:50  Probe  
  21  1:51  Pylon  
  22  2:02  Probe  
  22  2:03  Adept  
  23  2:12  Stargate  
  23  2:13  Probe  
  26  2:21  Probe  
  26  2:23  Warp Gate  
  26  2:29  Probe  
  27  2:32  Probe  
  27  2:33  Adept  
  31  2:40  Probe  
  31  2:41  Probe  
  32  2:50  Oracle, Probe  
  33  2:53  Probe  
  38  3:02  Probe  
  39  3:06  Probe  
  40  3:14  Probe  
  40  3:18  Pylon, Probe  
  42  3:26  Probe  
  43  3:28  Oracle  
  46  3:35  Stalker  
  46  3:36  Probe  
  46  3:38  Probe  
  50  3:43  Gateway  
  50  3:47  Pylon  
  50  3:48  Probe  
  49  3:56  Nexus  
  49  3:58  Probe  
  49  3:59  Pylon  
  49  4:02  Probe  
  51  4:04  Assimilator  
  51  4:06  Assimilator  
  51  4:10  Probe  
  51  4:14  Probe  
  53  4:23  Probe  
  54  4:25  Twilight Council  
  54  4:26  Probe  
  54  4:27  Forge  
  54  4:31  Adept  
  56  4:35  Probe  
  57  4:38  Probe  
  57  4:39  Adept  
  60  4:47  Probe  
  60  4:48  Gateway  
  60  4:50  Probe, Gateway  
  60  4:51  Robotics Facility  
  62  4:54  Pylon  
  62  4:59  Protoss Ground Weapons Level 1, Probe  
  63  5:02  Probe  
  64  5:08  Stalker x2  
  64  5:10  Charge  
  64  5:11  Probe  
  69  5:19  Probe  
  69  5:20  Probe  
  71  5:23  Probe  
  71  5:25  Templar Archives  
  71  5:27  Probe  
  72  5:28  Gateway  
  72  5:32  Sentry, Probe  
  72  5:33  Zealot  
  78  5:40  Probe  
  79  5:49  Zealot  
  79  5:50  Zealot  
  79  5:53  Probe  
  82  5:59  Probe x2  
  82  6:00  Assimilator, Observer  
  82  6:04  Assimilator  
  84  6:06  Robotics Facility, Probe  
  84  6:09  Gateway  
  84  6:11  Psionic Storm, Probe  
  86  6:12  Probe  
  86  6:14  Gateway  
  86  6:15  Pylon  
  86  6:16  Gateway  
  86  6:18  Pylon, Probe  
  89  6:23  Probe  
  89  6:24  Probe  
  89  6:25  Pylon  
  91  6:29  Immortal  
  91  6:30  Probe  
  91  6:31  Pylon  
  92  6:34  High Templar x2, Photon Cannon  
  100  6:49  Probe x2  
  102  6:59  Zealot  
  102  7:00  High Templar x2  
  109  7:01  Immortal  
  109  7:06  Probe  
  109  7:08  Probe  
  111  7:12  Immortal  
  111  7:14  Pylon  
  115  7:16  Pylon  
  115  7:17  Pylon  
  115  7:24  Photon Cannon  
  115  7:25  Photon Cannon  
  115  7:26  Photon Cannon, Zealot  
  115  7:27  Shield Battery, Photon Cannon  
  115  7:31  Zealot x2  
  115  7:36  Zealot x2  
  115  7:37  Zealot  
  125  7:40  Immortal  
  115  7:48  Sentry  
  100  7:52  Archon  
  100  7:57  Pylon  
  96  7:59  Immortal  
  96  8:05  High Templar x2  
  91  8:08  Zealot x3  
  91  8:09  Immortal  
  82  8:28  Zealot  
  82  8:29  Zealot x3  
  82  8:31  Zealot x2  
  92  8:35  Probe  
  91  8:41  Gateway  
  91  8:48  High Templar  
  85  8:49  Zealot x2  
  85  8:50  Zealot x2  
  81  9:05  Zealot x2  
Show
View Real Time Build Order
Export as new Build Order

FalconsSolar Zerg - Winner!

Build Orders: Hatch First 

Get SALT Encoding   

  12  0:01  Drone  
  13  0:07  Drone  
  14  0:14  Extractor  
  14  0:15  Drone  
  15  0:21  Overlord  
  15  0:40  Drone  
  16  0:45  Hatchery  
  16  0:49  Drone  
  16  0:52  Drone  
  16  0:55  Drone  
  18  1:06  Extractor  
  17  1:11  Spawning Pool  
  17  1:14  Drone  
  17  1:17  Drone  
  18  1:28  Drone  
  19  1:38  Drone  
  20  1:50  Drone  
  21  1:57  Drone  
  21  1:58  Queen x2  
  21  1:59  Overlord  
  26  2:08  Drone  
  27  2:10  Drone  
  27  2:11  Metabolic Boost  
  28  2:19  Zergling x2  
  28  2:21  Zergling x2  
  30  2:30  Hatchery  
  30  2:32  Drone  
  30  2:40  Queen  
  32  2:44  Overlord  
  32  2:48  Drone x2  
  32  2:51  Drone  
  35  2:53  Drone  
  36  3:02  Queen  
  36  3:03  Drone  
  36  3:05  Drone  
  40  3:08  Drone  
  40  3:12  Zergling x4  
  43  3:15  Overlord  
  43  3:18  Drone  
  44  3:27  Overlord  
  44  3:32  Spore Crawler  
  44  3:33  Queen, Drone  
  46  3:34  Drone  
  47  3:42  Drone x3  
  47  3:43  Queen  
  47  3:46  Drone  
  52  3:54  Drone  
  52  3:55  Spore Crawler  
  52  3:59  Drone  
  52  4:00  Drone x5  
  58  4:04  Overlord  
  58  4:06  Drone  
  60  4:10  Drone  
  60  4:13  Drone  
  60  4:14  Drone x2  
  60  4:17  Drone  
  61  4:18  Drone  
  61  4:19  Drone x2  
  61  4:22  Drone x2  
  66  4:25  Overlord  
  64  4:31  Drone x2  
  64  4:33  Lair  
  64  4:36  Roach Warren  
  65  4:39  Overlord, Extractor  
  65  4:42  Overlord  
  64  4:45  Drone  
  64  4:46  Drone  
  64  4:47  Evolution Chamber  
  64  4:48  Drone  
  64  4:49  Drone  
  64  4:50  Drone  
  68  4:56  Zergling x10  
  68  4:59  Drone x3  
  76  5:04  Extractor  
  75  5:08  Drone  
  75  5:09  Extractor, Drone  
  75  5:11  Overlord  
  76  5:15  Drone  
  76  5:16  Hatchery  
  76  5:18  Drone, Spore Crawler  
  76  5:19  Extractor  
  76  5:20  Zerg Missile Weapons Level 1, Extractor  
  76  5:21  Drone  
  75  5:29  Drone x2  
  75  5:30  Drone  
  75  5:31  Drone x3  
  75  5:32  Drone x2  
  75  5:35  Glial Reconstitution  
  83  5:37  Hatchery  
  83  5:38  Drone  
  83  5:40  Overlord, Overseer  
  84  5:45  Overlord, Zergling x2  
  84  5:46  Zergling x4  
  84  5:49  Zergling x2  
  87  5:55  Roach x2  
  90  5:58  Roach x6  
  90  6:01  Overlord  
  90  6:03  Overlord x2  
  101  6:09  Roach x3  
  106  6:15  Roach  
  108  6:20  Overlord x2  
  108  6:24  Roach  
  110  6:26  Roach  
  110  6:31  Roach x5  
  110  6:32  Pneumatized Carapace  
  122  6:33  Roach x2  
  122  6:37  Overlord  
  122  6:38  Overlord  
  122  6:39  Roach  
  128  6:43  Ravager x3  
  135  6:47  Roach x4  
  135  6:52  Roach x3  
  145  6:55  Ravager  
  145  7:01  Zergling x14  
  152  7:06  Roach x2  
  157  7:10  Ravager  
  157  7:12  Overlord  
  157  7:15  Roach x3  
  164  7:17  Zergling x4  
  164  7:21  Zergling x4  
  168  7:25  Overlord  
  168  7:29  Zergling x4  
  167  7:30  Zergling x2  
  167  7:31  Zergling x2  
  167  7:32  Overlord, Zergling x2, Ravager x3  
  167  7:35  Overlord, Ravager x2  
  170  7:41  Roach x2  
  167  7:44  Ravager  
  167  7:47  Roach  
  167  7:48  Roach x4  
  167  7:50  Roach  
  173  7:51  Roach  
  173  7:55  Roach x2  
  170  7:58  Roach  
  170  7:59  Roach  
  170  8:01  Roach  
  170  8:02  Roach x2  
  170  8:04  Zergling x4  
  165  8:11  Roach x4  
  167  8:16  Roach x2  
  168  8:21  Roach x2  
  168  8:22  Roach  
  168  8:27  Roach x2  
  173  8:29  Roach x2  
  173  8:35  Roach x2  
  173  8:41  Roach x5  
  181  8:47  Roach x6  
  172  9:07  Ravager  
  172  9:09  Ravager  
Tags
 
Add a new tag
Caveats
  • Supply blocks, unpowered buildings, or Contaminate may cause inaccurate times.
  • Supply counts are checked every 10 seconds.